AoeStats
← ITA | Raffy

Arabia

504720668Analyzed
4v4 RM · 26d ago on Sep 6, 2026· 45m 53s· 8 players
Game mode
Random Map
Map size
Large (8 player)
Population
200
Speed
Normal
Resources
Standard
Victory
Conquest
Starting age
Dark Age
Ending age
Imperial Age
RankedLock teamsTeams togetherTeam positionsShared explorationLock speedFull tech treeHidden civsTurbo modeCheats
Victory
Defeat
🇭🇰 Franks · Hong Kong SAR China
1373
+11
🇰🇷 Tatars · South Korea
1338
+12
🇨🇳 Khmer · China
1301
+14
🇨🇳 Spanish · China
1241
+16
🇮🇹 Koreans · Italy
1289
-15
🇦🇷 Ethiopians · Argentina
1269
-14
🇺🇸 Magyars · United States
1247
-13
🇲🇳 Franks · Mongolia
1200
-11
Dd
6:13 Loom
6:45 Loom
9:06 Feudal Age
10:42 Double-Bit Axe
14:08 Fletching
14:19 Padded Archer Armor
24:18 Castle Age
22:24 Horse Collar
23:46 Scale Barding Armor
24:59 Forging
25:50 Bloodlines
26:07 Elite Skirmisher
28:41 Bodkin Arrow
31:09 Leather Archer Armor
35:01 Chain Barding Armor
36:59 Husbandry
38:37 Gold Mining
39:56 Iron Casting
kdu0687
11:04 Feudal Age
15:31 Castle Age
15:21 Fletching
15:20 Double-Bit Axe
15:30 Horse Collar
17:53 Padded Archer Armor
21:11 Bodkin Arrow
24:29 Heavy Plow
27:28 Leather Archer Armor
30:17 Ballistics
32:33 Bow Saw
33:03 Bloodlines
33:23 Husbandry
33:27 Light Cavalry
38:10 Wheelbarrow
40:51 Imperial Age
38:08 Loom
38:19 Gold Mining
38:25 Stone Mining
39:08 Silk Armor
40:06 Forging
40:02 Scale Barding Armor
40:58 Heavy Cavalry Archer
43:24 Conscription
43:19 Bracer
43:56 Hand Cart
43:37 Town Watch
44:56 Chemistry
43:57 Hussar
46:07 Gold Shaft Mining
46:21 Iron Casting
46:06 Chain Barding Armor
46:17 Ring Archer Armor
局長
7:16 Loom
9:44 Feudal Age
12:12 Scale Barding Armor
13:32 Forging
18:20 Double-Bit Axe
20:29 Gold Mining
26:33 Castle Age
26:05 Stone Mining
26:53 Wheelbarrow
27:42 Chain Barding Armor
27:58 Iron Casting
27:25 Husbandry
27:47 Bow Saw
37:41 Fletching
41:55 Imperial Age
42:09 Cavalier
43:15 Conscription
43:45 Conscription
44:07 Plate Barding Armor
45:05 Paladin
47:19 Blast Furnace
leisurely23333
8:02 Loom
11:19 Feudal Age
15:26 Castle Age
13:40 Double-Bit Axe
13:47 Horse Collar
16:25 Bow Saw
23:46 Padded Archer Armor
25:36 Bloodlines
26:29 Leather Archer Armor
28:38 Wheelbarrow
28:12 Husbandry
29:01 Gold Mining
35:41 Heavy Plow
37:24 Hand Cart
38:39 Stone Mining
42:17 Imperial Age
40:30 Stone Shaft Mining
43:43 Conscription
43:49 Supremacy
43:34 Town Watch
44:54 Two-Man Saw
JAGR | Mazzei10
2:56 Loom
9:58 Feudal Age
13:50 Scale Barding Armor
15:46 Double-Bit Axe
16:40 Horse Collar
18:24 Wheelbarrow
19:19 Bloodlines
24:27 Castle Age
25:28 Husbandry
26:22 Chain Barding Armor
28:30 Bow Saw
41:48 Gold Mining
42:05 Heavy Plow
BocaJuniorsElMasGrande
2:06 Loom
2:52 Loom
5:43 Loom
8:56 Feudal Age
9:48 Loom
13:47 Fletching
16:07 Double-Bit Axe
18:31 Scale Mail Armor
19:39 Horse Collar
23:44 Castle Age
22:27 Forging
24:15 Crossbowman
24:52 Bodkin Arrow
25:15 Padded Archer Armor
28:32 Bow Saw
28:28 Heavy Plow
31:34 Ballistics
34:02 Leather Archer Armor
XYHHY
1:37 Loom
9:51 Feudal Age
12:30 Double-Bit Axe
13:19 Scale Barding Armor
14:51 Forging
23:51 Castle Age
22:48 Gold Mining
23:53 Light Cavalry
25:22 Chain Barding Armor
25:22 Husbandry
27:01 Bow Saw
28:56 Iron Casting
35:34 Stone Mining
38:17 Imperial Age
36:27 Wheelbarrow
38:07 Gold Shaft Mining
38:27 Cavalier
39:28 Conscription
39:45 Plate Barding Armor
40:11 Blast Furnace
39:52 Plate Barding Armor
40:58 Town Watch
41:32 Hand Cart
43:33 Paladin
ITA | Raffy
5:59 Loom
8:52 Feudal Age
13:52 Fletching
16:21 Double-Bit Axe
22:05 Castle Age
22:03 Gold Mining
21:58 Horse Collar
22:09 Crossbowman
23:09 Bodkin Arrow
25:35 Bow Saw
26:54 Ballistics
28:28 Thumb Ring
33:29 Scale Mail Armor
33:39 Forging
34:56 Wheelbarrow
38:43 Imperial Age
39:52 Bracer
39:32 Arbalester
Connection lost

Rejoining the realm…

Still unreachable

The connection could not be restored.

Session expired

The server has moved on; the page needs a fresh start.